SAAA
VERMONT LAKE MONSTERS @ PENNSAUKEN FLYERS
07/17/2033
 
TOP OF THE 1ST
Vermont Lake Monsters batting - Pitching for Pennsauken Flyers : LHP Mike Foltynewicz
Pitching: LHP Mike Foltynewicz
Batting: RHB José Vázquez 0-0: Ball
1-0: Called Strike
1-1: Ball
2-1: Ball
3-1: Base on Balls
Batting: RHB Hsi-men King 0-0: Ball
1-0: Swinging Strike
1-1: Called Strike
1-2: SINGLE (Groundball, 6MD)
José Vázquez to second
Batting: RHB Ricardo Téllez 0-0: Called Strike
0-1: Swinging Strike
0-2: Strikes out swinging
Batting: RHB Bobson Dugnutt 0-0: Called Strike
0-1: Foul Ball, location: 2F
0-2: Ball
1-2: Ball
2-2: Strikes out swinging
Batting: RHB Ramón Soto 0-0: Called Strike
0-1: Ball
1-1: Single, Error in OF, E7, batter to second base
José Vázquez scores
Hsi-men King to third
Batting: LHB Katsunan Taketo 0-0: Ball
1-0: Swinging Strike
1-1: Called Strike
1-2: Strikes out swinging
Top of the 1st over - 1 run, 2 hits, 1 error, 2 left on base; Vermont 1 - Pennsauken 0
BOTTOM OF THE 1ST
Pennsauken Flyers batting - Pitching for Vermont Lake Monsters : LHP Mike Brandner
Pitching: LHP Mike Brandner
Batting: RHB Enrique Ibarra 0-0: Ground out 4-3 (Groundball, 4)
Batting: RHB Chris Teague 0-0: Called Strike
0-1: Ball
1-1: Fly out, F7 (Flyball, 7LS)
Batting: RHB Danilo Mosca 0-0: Ball
1-0: Called Strike
1-1: Ball
2-1: Ball
3-1: Fly out, F4 (Flyball, 34D)
Bottom of the 1st over - 0 runs, 0 hits, 0 errors, 0 left on base; Vermont 1 - Pennsauken 0
TOP OF THE 2ND
Vermont Lake Monsters batting - Pitching for Pennsauken Flyers : LHP Mike Foltynewicz
Batting: RHB Marcel Roks 0-0: Ball
1-0: Ball
2-0: Called Strike
2-1: Ground out 5-3 (Groundball, 56S)
Batting: LHB Tullu Amaad 0-0: Foul Ball, location: 2F
0-1: Ball
1-1: Called Strike
1-2: Ground out 4-3 (Groundball, 4)
Batting: RHB Gabe Cain 0-0: Ball
1-0: Hit by Pitch
Batting: RHB José Vázquez 0-0: Ball
1-0: Ball
Gabe Cain steals 2nd base
2-0: Called Strike
2-1: Swinging Strike
2-2: Strikes out swinging
Top of the 2nd over - 0 runs, 0 hits, 0 errors, 1 left on base; Vermont 1 - Pennsauken 0
BOTTOM OF THE 2ND
Pennsauken Flyers batting - Pitching for Vermont Lake Monsters : LHP Mike Brandner
Batting: RHB Wilfred McLaughlin 0-0: Called Strike
0-1: Ball
1-1: Foul Ball, location: 2F
1-2: SINGLE (Groundball, 4MD)
Batting: RHB Raúl Moreno 0-0: Swinging Strike
0-1: Ball
1-1: Swinging Strike
1-2: Ball
2-2: Strikes out swinging
Batting: SHB Paul Wite 0-0: Foul Ball, location: 2F
0-1: Swinging Strike
0-2: Ball
1-2: Fly out, F8 (Flyball, 78XD)
Batting: LHB José Marín 0-0: Called Strike
0-1: SINGLE (Groundball, 34D)
Wilfred McLaughlin to second
Runner from 2nd tries for 3rd, SAFE, no throw
Batting: RHB Raúl Guerrero 0-0: Called Strike
0-1: Called Strike
0-2: Ball
1-2: Fielders Choice at 2nd, 6-4 (Groundball, 6)
Bottom of the 2nd over - 0 runs, 2 hits, 0 errors, 2 left on base; Vermont 1 - Pennsauken 0
TOP OF THE 3RD
Vermont Lake Monsters batting - Pitching for Pennsauken Flyers : LHP Mike Foltynewicz
Batting: RHB Hsi-men King 0-0: Ball
1-0: Called Strike
1-1: SINGLE (Line Drive, 5D)
Batting: RHB Ricardo Téllez 0-0: Swinging Strike
0-1: 2-RUN HOME RUN (Flyball, 78XD), Distance : 410 ft
Batting: RHB Bobson Dugnutt 0-0: Fly out, F7 (Flyball, 78S)
Batting: RHB Ramón Soto 0-0: Foul Ball, location: 2F
0-1: SOLO HOME RUN (Flyball, 89XD), Distance : 389 ft
Batting: LHB Katsunan Taketo 0-0: Swinging Strike
0-1: Swinging Strike
0-2: Ball
1-2: Ball
2-2: Strikes out swinging
Batting: RHB Marcel Roks 0-0: SINGLE (Line Drive, 4MD)
Batting: LHB Tullu Amaad 0-0: Ball
1-0: Swinging Strike
1-1: Swinging Strike
1-2: Strikes out swinging
Top of the 3rd over - 3 runs, 4 hits, 0 errors, 1 left on base; Vermont 4 - Pennsauken 0
BOTTOM OF THE 3RD
Pennsauken Flyers batting - Pitching for Vermont Lake Monsters : LHP Mike Brandner
Batting: SHB Chris Williamson 0-0: Fly out, F8 (Flyball, 8LS)
Batting: RHB Enrique Ibarra 0-0: Ground out 5-3 (Groundball, 5)
Batting: RHB Chris Teague 0-0: Called Strike
0-1: Ball
1-1: SINGLE (Groundball, 6MD)
Batting: RHB Danilo Mosca 0-0: Ball
1-0: Ball
2-0: Ball
3-0: Base on Balls
Chris Teague to second
Batting: RHB Wilfred McLaughlin 0-0: Ball
1-0: Ball
2-0: Swinging Strike
2-1: Ball
3-1: Called Strike
3-2: Foul Ball, location: 2F
3-2: Foul Ball, location: 2F
3-2: Base on Balls
Chris Teague to third
Danilo Mosca to second
Batting: RHB Raúl Moreno 0-0: Foul Ball, location: 2F
0-1: Called Strike
0-2: Strikes out swinging
Bottom of the 3rd over - 0 runs, 1 hit, 0 errors, 3 left on base; Vermont 4 - Pennsauken 0
TOP OF THE 4TH
Vermont Lake Monsters batting - Pitching for Pennsauken Flyers : LHP Mike Foltynewicz
Batting: RHB Gabe Cain 0-0: Hit by Pitch
Batting: RHB José Vázquez 0-0: Called Strike
0-1: Foul Ball, location: 2F
0-2: Ball
1-2: SINGLE (Groundball, 6MD)
Gabe Cain to second
Runner from 2nd tries for 3rd, SAFE, no throw
Batting: RHB Hsi-men King 0-0: Foul Ball, location: 2F
0-1: Ball
1-1: Swinging Strike
1-2: Ball
2-2: Strikes out swinging
Batting: RHB Ricardo Téllez 0-0: Called Strike
0-1: Ball
1-1: Fly out, F8 (Flyball, 8RM)
Runner from 3rd tags up, SCORES, throw made
Batting: RHB Bobson Dugnutt 0-0: Ball
1-0: Hit by Pitch
José Vázquez to second
Batting: RHB Ramón Soto 0-0: Called Strike
0-1: Ball
1-1: Fly out, F9 (Flyball, 89S)
Top of the 4th over - 1 run, 1 hit, 0 errors, 2 left on base; Vermont 5 - Pennsauken 0
BOTTOM OF THE 4TH
Pennsauken Flyers batting - Pitching for Vermont Lake Monsters : LHP Mike Brandner
Batting: SHB Paul Wite 0-0: Ball
1-0: Ball
2-0: Ball
3-0: Called Strike
3-1: Foul Ball, location: 2F
3-2: Ground out 4-3 (Groundball, 4S)
Batting: LHB José Marín 0-0: Foul Ball, location: 2F
0-1: Ball
1-1: Ball
2-1: Foul Ball, location: 2F
2-2: Ball
3-2: Strikes out swinging
Batting: RHB Raúl Guerrero 0-0: Called Strike
0-1: Ball
1-1: Ball
2-1: Foul Ball, location: 2F
2-2: Ball
3-2: Ground out 5-3 (Groundball, 56)
Bottom of the 4th over - 0 runs, 0 hits, 0 errors, 0 left on base; Vermont 5 - Pennsauken 0
TOP OF THE 5TH
Vermont Lake Monsters batting - Pitching for Pennsauken Flyers : LHP Mike Foltynewicz
Batting: LHB Katsunan Taketo 0-0: Ball
1-0: Foul Ball, location: 2F
1-1: Called Strike
1-2: Ball
2-2: Ball
3-2: Base on Balls
Batting: RHB Marcel Roks 0-0: Ball
1-0: Ball
2-0: Called Strike
2-1: Called Strike
2-2: Foul Ball, location: 2F
2-2: Foul Ball, location: 2F
2-2: Strikes out looking
Batting: LHB Tullu Amaad 0-0: SINGLE (Line Drive, 6D)
Katsunan Taketo to second
Batting: RHB Gabe Cain 0-0: Called Strike
0-1: Called Strike
0-2: DOUBLE (Flyball, 8LD)
Katsunan Taketo scores
Tullu Amaad to third
Batting: RHB José Vázquez 0-0: Called Strike
0-1: Foul Ball, location: 2F
0-2: Ball
1-2: SINGLE (Line Drive, 6MD)
Tullu Amaad scores
Gabe Cain to third
Runner from 3rd tries for Home, SAFE, throw made home
Batting: RHB Hsi-men King 0-0: Ball
1-0: Ball
2-0: 2-RUN HOME RUN (Flyball, 7LD), Distance : 353 ft
Batting: RHB Ricardo Téllez 0-0: Ball
1-0: Ball
2-0: Foul Ball, location: 2F
2-1: Called Strike
2-2: Foul Ball, location: 2F
2-2: Foul Ball, location: 2F
2-2: Strikes out looking
Batting: RHB Bobson Dugnutt 0-0: Called Strike
0-1: Ball
1-1: Foul Ball, location: 2F
1-2: Ball
2-2: Ground out 6-3 (Groundball, 6)
Top of the 5th over - 5 runs, 4 hits, 0 errors, 0 left on base; Vermont 10 - Pennsauken 0
BOTTOM OF THE 5TH
Pennsauken Flyers batting - Pitching for Vermont Lake Monsters : LHP Mike Brandner
Batting: SHB Chris Williamson 0-0: Ball
1-0: Ball
2-0: Called Strike
2-1: SINGLE (Line Drive, 56D)
Batting: RHB Enrique Ibarra 0-0: Called Strike
0-1: Swinging Strike
0-2: Foul Ball, location: 2F
0-2: Strikes out swinging
Batting: RHB Chris Teague 0-0: SINGLE (Line Drive, 78M)
Chris Williamson to second
Batting: RHB Danilo Mosca 0-0: Foul Ball, location: 2F
0-1: Ball
1-1: Swinging Strike
1-2: Foul Ball, location: 2F
1-2: Foul Ball, location: 2F
1-2: Strikes out swinging
Batting: RHB Wilfred McLaughlin 0-0: Ball
1-0: Ball
2-0: Called Strike
2-1: Swinging Strike
2-2: Ball
3-2: Base on Balls
Chris Williamson to third
Chris Teague to second
Batting: RHB Raúl Moreno 0-0: Swinging Strike
0-1: Called Strike
0-2: Ball
1-2: Foul Ball, location: 2F
1-2: Ball
2-2: Ball
3-2: Ground out 5-3 (Groundball, 56S)
Bottom of the 5th over - 0 runs, 2 hits, 0 errors, 3 left on base; Vermont 10 - Pennsauken 0
TOP OF THE 6TH
Vermont Lake Monsters batting - Pitching for Pennsauken Flyers : LHP Mike Foltynewicz
Batting: RHB Ramón Soto 0-0: Foul Ball, location: 2F
0-1: Called Strike
0-2: Strikes out swinging
Batting: LHB Katsunan Taketo 0-0: Ball
1-0: Ball
2-0: Ball
3-0: Called Strike
3-1: Foul Ball, location: 2F
3-2: Foul Ball, location: 2F
3-2: Foul Ball, location: 2F
3-2: Ground out 6-3 (Groundball, 6)
Batting: RHB Marcel Roks 0-0: Called Strike
0-1: Foul Ball, location: 2F
0-2: Ball
1-2: Strikes out looking
Top of the 6th over - 0 runs, 0 hits, 0 errors, 0 left on base; Vermont 10 - Pennsauken 0
BOTTOM OF THE 6TH
Pennsauken Flyers batting - Pitching for Vermont Lake Monsters : LHP Mike Brandner
Batting: SHB Paul Wite 0-0: Ball
1-0: Ball
2-0: Foul Ball, location: 2F
2-1: Foul Ball, location: 2F
2-2: Ball
3-2: Ground out U3 (Groundball, 23)
Batting: LHB José Marín 0-0: Foul Ball, location: 2F
0-1: Ball
1-1: Foul Ball, location: 2F
1-2: Ball
2-2: Strikes out swinging
Batting: RHB Raúl Guerrero 0-0: Ball
1-0: Ground out 6-3 (Groundball, 6)
Bottom of the 6th over - 0 runs, 0 hits, 0 errors, 0 left on base; Vermont 10 - Pennsauken 0
TOP OF THE 7TH
Vermont Lake Monsters batting - Pitching for Pennsauken Flyers : LHP Mike Foltynewicz
Batting: LHB Tullu Amaad 0-0: Ground out 3-1 (Groundball, 34S)
Batting: RHB Gabe Cain 0-0: Foul Ball, location: 2F
0-1: Swinging Strike
0-2: Ball
1-2: Strikes out swinging
Batting: RHB José Vázquez 0-0: Ball
1-0: Called Strike
1-1: Called Strike
1-2: Ball
2-2: Ball
3-2: Ground out 5-3 (Groundball, 25)
Top of the 7th over - 0 runs, 0 hits, 0 errors, 0 left on base; Vermont 10 - Pennsauken 0
BOTTOM OF THE 7TH
Pennsauken Flyers batting - Pitching for Vermont Lake Monsters : LHP Mike Brandner
Batting: SHB Chris Williamson 0-0: Swinging Strike
0-1: Ball
1-1: Swinging Strike
1-2: Ground out 1-3 (Groundball, 13)
Batting: RHB Enrique Ibarra 0-0: Ball
1-0: Ground out 1-3 (Groundball, 13S)
Batting: RHB Chris Teague 0-0: Fly out, F3 (Flyball, 3D)
Bottom of the 7th over - 0 runs, 0 hits, 0 errors, 0 left on base; Vermont 10 - Pennsauken 0
TOP OF THE 8TH
Vermont Lake Monsters batting - Pitching for Pennsauken Flyers : LHP Mike Foltynewicz
Pitching: LHP Arnie Banks
Batting: RHB Hsi-men King 0-0: Ball
1-0: Ball
2-0: SINGLE (Groundball, 6MD)
Batting: RHB Ricardo Téllez 0-0: Ball
1-0: Called Strike
1-1: SINGLE (Flyball, 89M)
Hsi-men King to second
Batting: RHB Bobson Dugnutt 0-0: Called Strike
0-1: Swinging Strike
0-2: Strikes out looking
Batting: RHB Ramón Soto 0-0: Called Strike
0-1: Ball
1-1: Swinging Strike
1-2: Ball
2-2: Strikes out looking
Batting: LHB Katsunan Taketo 0-0: Ball
1-0: Ground out 4-3 (Groundball, 4)
Top of the 8th over - 0 runs, 2 hits, 0 errors, 2 left on base; Vermont 10 - Pennsauken 0
BOTTOM OF THE 8TH
Pennsauken Flyers batting - Pitching for Vermont Lake Monsters : LHP Mike Brandner
Now in RF: Manuel Núñez
Batting: RHB Danilo Mosca 0-0: Foul Ball, location: 2F
0-1: Ball
1-1: Ball
2-1: Fly out, F9 (Flyball, 9D)
Batting: RHB Wilfred McLaughlin 0-0: Swinging Strike
0-1: Foul Ball, location: 2F
0-2: SINGLE (Groundball, 6MD)
Batting: RHB Raúl Moreno 0-0: Called Strike
0-1: Fly out, F8 (Flyball, 8LD)
Batting: SHB Paul Wite 0-0: Called Strike
0-1: Ball
1-1: Swinging Strike
1-2: Ball
2-2: Ground out 4-3 (Groundball, 34)
Bottom of the 8th over - 0 runs, 1 hit, 0 errors, 1 left on base; Vermont 10 - Pennsauken 0
TOP OF THE 9TH
Vermont Lake Monsters batting - Pitching for Pennsauken Flyers : LHP Arnie Banks
Batting: RHB Marcel Roks 0-0: Ball
1-0: SINGLE (Groundball, 6MS) (infield hit)
Pinch Hitting: RHB Bertrand Pick 0-0: Ball
1-0: Ball
2-0: Called Strike
2-1: Swinging Strike
2-2: Ball
3-2: Base on Balls
Marcel Roks to second
Batting: RHB Gabe Cain 0-0: Foul Ball, location: 2F
0-1: DOUBLE (Line Drive, 89D)
Marcel Roks scores
Bertrand Pick to third
Batting: RHB José Vázquez 0-0: Called Strike
0-1: Ball
1-1: Ball
2-1: Called Strike
2-2: Ball
3-2: Ground out 6-3 (Groundball, 6)
Bertrand Pick scores
Batting: RHB Hsi-men King 0-0: Ball
1-0: Ball
2-0: SINGLE (Line Drive, 7S)
Gabe Cain to third
Pinch Hitting: RHB Hou Kong 0-0: SINGLE (Flyball, 78S)
Gabe Cain scores
Hsi-men King to second
Batting: LHB Manuel Núñez 0-0: Ball
1-0: Foul Ball, location: 2F
1-1: Ball
2-1: Ball
3-1: Swinging Strike
3-2: Foul Ball, location: 2F
3-2: Foul Ball, location: 2F
3-2: Foul Ball, location: 2F
3-2: Strikes out swinging
Batting: RHB Ramón Soto 0-0: Ball
1-0: Called Strike
1-1: Foul Ball, location: 2F
1-2: Ball
2-2: Ball
3-2: Ground out 6-3 (Groundball, 6)
Top of the 9th over - 3 runs, 4 hits, 0 errors, 2 left on base; Vermont 13 - Pennsauken 0
BOTTOM OF THE 9TH
Pennsauken Flyers batting - Pitching for Vermont Lake Monsters : LHP Mike Brandner
Pitching: RHP Don Cantrell
Now at C: Bertrand Pick
Now at 1B: Hou Kong
Now at 3B: David Sánchez
Batting: LHB José Marín 0-0: Ball
1-0: Foul Ball, location: 2F
1-1: Ground out 5-3 (Groundball, 5)
Batting: RHB Raúl Guerrero 0-0: Ball
1-0: SINGLE (Groundball, 4MD)
Batting: SHB Chris Williamson 0-0: Called Strike
0-1: Swinging Strike
0-2: Ball
1-2: Ball
2-2: Foul Ball, location: 2F
2-2: Strikes out swinging
Batting: RHB Enrique Ibarra 0-0: Ball
1-0: Ball
2-0: Called Strike
2-1: Ground out U3 (Groundball, 3)
Bottom of the 9th over - 0 runs, 1 hit, 0 errors, 1 left on base; Vermont 13 - Pennsauken 0
Saturday, December 22nd, 2018 - OOTP Baseball 18.8 Build 76